 Dungeon Crawl Stone Soup version 0.25.0-15-gac7dcb8919 (webtiles) character file.

Game seed: 16870805508348998413

203 Froggeryz the Twirler (level 5, -4/45 HPs)
             Began as a Minotaur Gladiator on June 28, 2020.
             Was a Follower of Kikubaaqudgha.
             Killed by divine providence
             ... invoked by an orc priest
              (16 damage)
             ... on level 4 of the Dungeon.
             The game lasted 00:02:41 (2315 turns).

Froggeryz the Twirler (Minotaur Gladiator)          Turns: 2315, Time: 00:02:42

Health: -4/45      AC:  3    Str: 18    XL:     5   Next: 51%
Magic:  4/4        EV: 14    Int:  5    God:    Kikubaaqudgha [*.....]
Gold:   216        SH:  0    Dex: 13    Spells: 4/4 levels left

rFire    . . .     SeeInvis .   a - +0 quarterstaff
rCold    . . .     Gourm    .   (shield currently unavailable)
rNeg     . . .     Faith    .   p - +1 robe {MR+}
rPois    .         Spirit   .   c - +0 hat
rElec    .         Reflect  .   (no cloak)
rCorr    .         Harm     .   (no gloves)
MR       +....                  (no boots)
Stlth    +.........             (no amulet)
HPRegen  0.15/turn              (no ring)
MPRegen  0.09/turn              e - ring of wizardry

@: no status effects
A: retaliatory headbutt, horns 2
a: Receive Corpses, Renounce Religion


You were on level 4 of the Dungeon.
You worshipped Kikubaaqudgha.
Kikubaaqudgha was aware of your devotion.
You were not hungry.

You visited 1 branch of the dungeon, and saw 4 of its levels.

You collected 216 gold pieces.

Inventory:

Hand Weapons
 a - a +0 quarterstaff (weapon)
Missiles
 d - 2 throwing nets (quivered)
 i - 2 javelins
Armour
 c - a +0 hat (worn)
 p - a +1 robe of magic resistance (worn)
 s - a +2 robe of fire resistance
Jewellery
 e - a ring of wizardry (right hand)
Scrolls
 g - 2 scrolls of remove curse
 k - a scroll of blinking {unknown}
 m - a scroll of teleportation
 n - 5 scrolls of identify {unknown}
Potions
 h - a potion of curing
 j - 2 potions of flight {unknown}
 l - a potion of berserk rage {unknown}
 o - a potion of stabbing {unknown}
 q - a potion of heal wounds {unknown}
 r - 2 potions of degeneration {unknown}
Comestibles
 b - 2 chunks of flesh
 f - 5 rations


   Skills:
 + Level 3.2 Fighting
 + Level 6.2 Staves
 - Level 2.0 Throwing
 - Level 2.8 Armour
 + Level 3.8 Dodging


You had 4 spell levels left.
You didn't know any spells.
Your spell library contained the following spells:

 Spells                   Type           Power        Failure   Level  Hunger
 Animate Skeleton         Necr           N/A          21%         1    ##.....
 Pain                     Necr           #...         21%         1    ##.....
 Sublimation of Blood     Necr           #.........   32%         2    ###....
 Vampiric Draining        Necr           #.........   52%         3    ####...


Dungeon Overview and Level Annotations

Branches:
Dungeon (4/15)
 Temple: D:4-7

Altars:
Kikubaaqudgha

Annotations:
D:4 Pikel


Innate Abilities, Weirdness & Mutations

You reflexively headbutt those who attack you in melee.
You have a pair of horns on your head.


Message History

The orc hits you with a +0 hand axe!
* * * LOW HITPOINT WARNING * * *
It was a potion of curing.
You feel better.
You barely miss the orc. You hit the orc. You headbutt the orc.
The orc is heavily wounded.
You barely miss the orc.
The orc is heavily wounded.
The orc hits you but does no damage.
The orc priest mumbles some strange prayers to Beogh against you.
Beogh smites you!
* * * LOW HITPOINT WARNING * * *
You closely miss the orc. Your headbutt misses the orc.
The orc is heavily wounded.
The orc misses you.
You feel better.
The orc priest mumbles some strange prayers to Beogh against you.
Beogh smites you!
You die...
Kikubaaqudgha rasps: "You have failed me!
Welcome... death!"

#.........###..##
#......##.......#
##.###.#####..#....# #.
#.##....#####..# ..
#.##.#### .# # #.##.# . #.
###....# ###.## #....### #
......# #@#.## .#
.......###o#.# ####.#
........#oo#.######...
.........oo.......#.####
.......................#
..(.....#...........##.....
........#.........### ###
.......##.........# .......
#.........#


You could see an orc priest and 4 orcs.

Vanquished Creatures
  A slave (D:3)
  An ogre (D:4)
  3 adders
  An ooze (D:1)
  3 worms (D:3)
  3 dart slugs
  3 leopard geckos
  6 orcs (D:3)
  9 bats
  3 giant cockroaches
  5 goblins
  3 hobgoblins
  2 jackals (D:2)
  7 kobolds
  2 quokkas
  4 frilled lizards
  A jackal skeleton (D:4)
  A quokka skeleton (D:4)
  9 rats
67 creatures vanquished.

Notes
Turn   | Place    | Note
-------+----------+-------------------------------------------
     0 | D:1      | Froggeryz the Minotaur Gladiator began the quest for the
                  | Orb.
     0 | D:1      | Reached XP level 1. HP: 18/18 MP: 0/0
   139 | D:1      | Reached skill level 4 in Staves
   139 | D:1      | Reached skill level 1 in Armour
   139 | D:1      | Reached XP level 2. HP: 22/25 MP: 1/1
   616 | D:1      | Reached XP level 3. HP: 30/30 MP: 2/2
   859 | D:2      | Reached skill level 5 in Staves
  1209 | D:3      | Found a faded altar of an unknown god.
  1217 | D:3      | Reached XP level 4. HP: 37/37 MP: 3/3
  1471 | D:3      | Became a worshipper of Kikubaaqudgha
  1471 | D:3      | Reached * piety under Kikubaaqudgha
  1471 | D:3      | Identified Kikubaaqudgha's Tome of Black Rites
                  | (Kikubaaqudgha gifted it to you on level 3 of the Dungeon)
  1471 | D:3      | Received a gift from Kikubaaqudgha
  1986 | D:4      | Noticed an ogre
  1997 | D:4      | Killed an ogre
  1997 | D:4      | Reached skill level 6 in Staves
  1997 | D:4      | Reached XP level 5. HP: 32/45 MP: 4/4
  2057 | D:4      | Noticed a slave
  2057 | D:4      | Noticed a slave
  2057 | D:4      | Noticed a slave
  2058 | D:4      | Noticed Pikel
  2076 | D:3      | Killed a slave
  2315 | D:4      | Killed from afar by an orc priest

Illustrated notes

Levels and vault maps discovered:
D:1:      mrwooster_arrival_statue, layout_basic
D:2:      minmay_recursive_quarters, layout_rooms, serial_glass,
          glass_columns_a, glass_columns_a
D:3:      layout_rooms, chequers_ecumenical_altar_simple_redux
D:4:      layout_rooms, uniq_pikel

Skill      XL: |  1  2  3  4 |
---------------+-------------+-----
Staves         | 4 5 6 |  6.2
Armour         | 1 2 |  2.8
Fighting       | 3 |  3.2
Throwing       | |  2.0
Dodging        | |  3.8

Action                   |  1- 3 |  4- 6 || total
-------------------------+-------+-------++-------
Melee: Quarterstaff      |    68 |    60 ||   128
       Headbutt          |    12 |    12 ||    24
Throw: Throwing net      |       |     1 ||     1
  Use: Scroll            |     3 |       ||     3
       Potion            |       |     2 ||     2
 Stab: Held in net/web   |       |     2 ||     2
       Sleeping          |       |     1 ||     1
  Eat: Chunk             |     1 |     3 ||     4
Armor: Leather armour    |    13 |     4 ||    17
       Robe              |       |     6 ||     6
Dodge: Dodged            |    41 |    37 ||    78
